 Dungeon Crawl Stone Soup version 0.26.1-2-gb8aa6d0cf2 (webtiles) character file.

Game seed: 8037865880694820382

911 Goboxel the Firebug (level 8, 0/52 HPs)
             Began as a Human Fire Elementalist on Mar 13, 2021.
             Slain by a worker ant zombie (5 damage)
             ... on level 5 of the Dungeon.
             The game lasted 00:22:49 (4684 turns).

Goboxel the Firebug (Human Fire Elementalist)       Turns: 4684, Time: 00:22:49

Health: 0/52       AC:  2    Str:  8 (9)  XL:     8   Next: 30%
Magic:  5/15       EV: 14    Int: 14 (17) God:
Gold:   224        SH:  0    Dex: 19 (20) Spells: 8/16 levels left

rFire    + . .     SeeInvis .   h - +0 spear
rCold    x . .     Faith    .   (no shield)
rNeg     . . .     Spirit   .   a - +0 robe
rPois    .         Reflect  .   (no helmet)
rElec    .         Harm     .   (no cloak)
rCorr    .         Rampage  .   (no gloves)
Will     .....                  (no boots)
Stlth    ++........             (no amulet)
HPRegen  0.17/turn              n - ring of fire
MPRegen  0.14/turn              j - +6 ring of dexterity

@: no status effects
A: no striking features
a: no special abilities


You were on level 5 of the Dungeon.
You visited 1 branch of the dungeon, and saw 5 of its levels.

You collected 224 gold pieces.

Inventory:

Hand Weapons
 h - a +0 spear (weapon)
Armour
 a - a +0 robe (worn)
 r - a +0 troll leather armour {Purgy}
Jewellery
 j - a +6 ring of dexterity (right hand)
 n - a ring of fire (left hand)
Scrolls
 d - 6 scrolls of identify {unknown}
 e - 2 scrolls of immolation {unknown}
 f - 5 scrolls of teleportation {unknown}
 k - 2 scrolls of amnesia {unknown}
 l - a scroll of remove curse {unknown}
 t - 2 scrolls of enchant weapon {unknown}
Potions
 b - a potion of berserk rage {unknown}
 c - a potion of lignification
 g - a potion of cancellation
 i - a potion of flight {unknown}
 m - 2 potions of mutation {unknown}
 o - 3 potions of degeneration
 p - a potion of brilliance {unknown}
 q - 2 potions of attraction {unknown}
 s - a potion of might {unknown}
 u - a potion of magic {unknown}


   Skills:
 + Level 3.3 Dodging
 - Level 2.0 Stealth
 + Level 4.8 Spellcasting
 + Level 4.8 Conjurations
 + Level 5.7 Fire Magic


You had 8 spell levels left.
You knew the following spells:

 Your Spells              Type           Power        Failure   Level
a - Foxfire               Conj/Fire      100%         1%          1
b - Conjure Flame         Conj/Fire      27%          6%          3
c - Sticky Flame          Conj/Fire      27%          21%         4

Your spell library contained the following spells:

 Spells                   Type           Power        Failure   Level
 Inner Flame              Hex/Fire       17%          16%         3
 Fireball                 Conj/Fire      13%          50%         5


Dungeon Overview and Level Annotations

Branches:
Dungeon (5/15)
 Temple: D:4-7

Altars:

Annotations:
D:3 3 runed translucent doors, poo4u's ghost, amateur TrHu


Message History

The worker ant zombie is moderately damaged.
The worker ant zombie barely misses you.
You hit the worker ant zombie.
The worker ant zombie is heavily damaged.
The worker ant zombie bites you.
* * * LOW HITPOINT WARNING * * *
You barely miss the worker ant zombie.
The worker ant zombie is heavily damaged.
The worker ant zombie bites you.
* * * LOW HITPOINT WARNING * * *
Your foxfire dissipates!
The worker ant zombie barely misses you.
The worker ant zombie closely misses you.
You hit the worker ant zombie.
The worker ant zombie is heavily damaged.
The worker ant zombie bites you but does no damage.
You hit the worker ant zombie.
The worker ant zombie is severely damaged.
The worker ant zombie bites you.
You die...

.......##...........
...................
.Z......#..........
##.##..†.#.........
#..###..###.##...# #.
##...#.###.......# #..
#.......##.......#
##..###..#######........#
.......†....Z@#..........
..........#####<.....##..
.......†..### +......# .
............###.......#
........................
...........Z.....#......
.................##.....
...#...#.......... .....
...#..##.......... ...


You could see a worker ant zombie.

Vanquished Creatures
  Grinder (D:3)
  Purgy (D:3)
  A phantom (D:4)
  2 ogres (D:4)
  2 howler monkeys
  A hound (D:4)
  2 iguanas
  2 worker ants
  Robin (D:3)
  6 adders
  3 adder skeletons
  A dart slug (D:1)
  6 worms
  3 leopard geckos
  2 ball pythons
  6 bats
  3 giant cockroaches
  23 goblins
  9 hobgoblins
  2 quokkas (D:3)
  2 frilled lizards
  8 kobolds
  A leopard gecko skeleton (D:5)
  5 rats
93 creatures vanquished.

Vanquished Creatures (others)
  194 foxfires
194 creatures vanquished.

Grand Total: 287 creatures vanquished

Notes
Turn   | Place    | Note
-------+----------+-------------------------------------------
     0 | D:1      | Goboxel the Human Fire Elementalist began the quest for the
                  | Orb.
     0 | D:1      | Reached XP level 1. HP: 13/13 MP: 3/3
   423 | D:1      | Reached XP level 2. HP: 19/19 MP: 5/5
  1216 | D:2      | Reached XP level 3. HP: 11/24 MP: 6/6
  1223 | D:2      | Learned a level 3 spell: Conjure Flame
  1771 | D:2      | Reached XP level 4. HP: 30/30 MP: 2/8
  2010 | D:3      | Noticed Grinder
  2174 | D:2      | Reached skill level 4 in Fire Magic
  2174 | D:2      | Reached XP level 5. HP: 17/35 MP: 6/9
  2548 | D:3      | Paralysed by Grinder for 3 turns
  2564 | D:3      | Killed Grinder
  2565 | D:3      | Reached XP level 6. HP: 41/41 MP: 1/11
  2753 | D:3      | Noticed Robin
  2768 | D:3      | Killed Robin
  3189 | D:3      | Learned a level 4 spell: Sticky Flame
  3207 | D:3      | Noticed Purgy
  3226 | D:3      | Killed Purgy
  3227 | D:3      | Reached skill level 5 in Fire Magic
  3227 | D:3      | Reached XP level 7. HP: 35/46 MP: 7/13
  3337 | D:3      | Found a runed translucent gate.
  3338 | D:3      | Found a runed translucent gate.
  3338 | D:3      | Noticed poo4u's ghost (amateur TrHu)
  3339 | D:3      | Found a runed translucent gate.
  4165 | D:4      | Reached XP level 8. HP: 52/52 MP: 10/14
  4582 | D:5      | Entered Level 5 of the Dungeon
  4684 | D:5      | Slain by a worker ant zombie

Illustrated notes

Levels and vault maps discovered:
D:1:      lemuel_arrival_lava_pool, layout_loops_corners, grunt_decor_clamped,
          supply_closet_lemuel
D:2:      wander_river, layout_basic
D:3:      layout_rooms, gammafunk_ghost_split, minmay_goblin_outpost,
          uniq_grinder, uniq_purgy, uniq_robin
D:4:      layout_basic, corexii_checkpoint_b
D:5:      gammafunk_wand_slinger, layout_cave_pools, marbit_many_paths,
          kennysheep_mini, minmay_temple_entry_proselytizer

Skill      XL: |  1  2  3  4  5  6  7  8 |
---------------+-------------------------+-----
Conjurations   | 2 3 4 |  4.8
Spellcasting   | 3 4 |  4.8
Fire Magic     | 4 5 |  5.7
Dodging        | 3 |  3.3
Stealth        | |  2.0

Action                   |  1- 3 |  4- 6 |  7- 9 || total
-------------------------+-------+-------+-------++-------
Melee: Spear             |    49 |    55 |    48 ||   152
       Club              |     1 |       |       ||     1
 Cast: Foxfire           |    30 |    59 |    52 ||   141
       Conjure Flame     |       |       |     5 ||     5
       Sticky Flame      |       |       |     1 ||     1
  Use: Potion            |     3 |     2 |     1 ||     6
 Stab: Sleeping          |     5 |     1 |       ||     6
Armor: Robe              |     6 |    20 |     6 ||    32
       Skin              |       |    13 |       ||    13
Dodge: Dodged            |    42 |    42 |    55 ||   139
